 Dungeon Crawl Stone Soup version 0.30-a0-777-ga9a30cbeda (webtiles) character file.

Game seed: 15164133870068955237

6 Spectrina the Poker (level 1, -4/16 HPs)
             Began as a Merfolk Reaver on Feb 14, 2023.
             Was an Initiate of Kikubaaqudgha.
             Slain by a goblin
             ... wielding a +2 dagger of electrocution
              (17 damage)
             ... on level 4 of the Dungeon on Feb 15, 2023.
             The game lasted 00:06:34 (329 turns).

Spectrina the Poker (Merfolk Reaver)                 Turns: 329, Time: 00:06:35

Health: -4/16      AC:  3    Str: 12    XL:     1   Next: 90%
Magic:  3/3        EV: 12    Int: 12    God:    Kikubaaqudgha [......]
Gold:   38         SH:  0    Dex: 12    Spells: 3/4 levels left

rFire   . . .      SeeInvis .    a - +0 spear
rCold   . . .      Faith    .    (no shield)
rNeg    . . .      Spirit   .    b - +0 leather armour
rPois   .          Reflect  .    (no helmet)
rElec   .          Harm     .    (no cloak)
rCorr   .          Rampage  .    (no gloves)
Will    .....                    (no boots)
Stlth   +                        (no amulet)
HPRegen 0.22/turn                (no ring)
MPRegen 0.08/turn                (no ring)

@: no status effects
A: (nimble swimmer 2), mertail
a: Renounce Religion


You were on level 4 of the Dungeon.
You worshipped Kikubaaqudgha.
Kikubaaqudgha was noncommittal.
You visited 2 branches of the dungeon, and saw 6 of its levels.

You collected 38 gold pieces.

Inventory:

Hand Weapons
 a - a +0 spear (weapon)
Armour
 b - a +0 leather armour (worn)
Wands
 h - a wand of quicksilver (11)
Scrolls
 e - a scroll of identify {unknown}
 g - a scroll of teleportation {unknown}
 i - a scroll of fog {unknown}
Potions
 c - a potion of resistance {unknown}
 d - a potion of attraction {unknown}
 f - a potion of curing {unknown}


   Skills:
 - Level 2.1 Fighting
 * Level 4.4 Polearms
 - Level 2.6 Dodging
 + Level 2.0 Spellcasting
 - Level 2.4 Conjurations
 + Level 0.2 Translocations


You had 3 spell levels left.
You knew the following spells:

 Your Spells              Type           Power      Damage    Failure   Level
a - Kiss of Death         Conj/Necr      16%        2d6       22%         1

Your spell library contained the following spells:

 Spells                   Type           Power      Damage    Failure   Level
 Momentum Strike          Conj/Tloc      8%         3d8       30%         2
 Hailstorm                Conj/Ice       4%         3d4       54%         3
 Gell's Gravitas          Tloc           1%         N/A       67%         3
 Teleport Other           Tloc           1%         N/A       67%         3
 Dispersal                Tloc           0%         N/A       100%        6


Dungeon Overview and Level Annotations

Branches:
Dungeon (5/15)             Temple (1/1) D:4

Altars:
Cheibriados
Elyvilon
Fedhas
Gozag
Hepliaklqana
Kikubaaqudgha
Makhleb
Nemelex Xobeh
Okawaru
Trog
Uskayaw
Xom
Zin
The Shining One


Innate Abilities, Weirdness & Mutations

((You are very nimble when in or above water. (Stealth+, EV+, Speed+++)))
Your lower body shifts to a powerful aquatic tail in water.


Message History

Found an ancient bone altar of Kikubaaqudgha.
Your legs become a tail as you enter the water.
Found a blossoming altar of Fedhas.
Your legs become a tail as you enter the water.
Your legs become a tail as you enter the water.
Found a hide-covered altar of Uskayaw and a hazy altar of Hepliaklqana.
Found a sparkling altar of Nemelex Xobeh.
Found a white marble altar of Elyvilon.
Search for what [? for help]? .
Unknown command.
There is a staircase back to the Dungeon here.
Welcome back, Spectrina the Merfolk Reaver.
Press ? for a list of commands and other information.
Your legs become a tail as you enter the water.
There is an ancient bone altar of Kikubaaqudgha here.
You kneel at the altar of Kikubaaqudgha.
Kikubaaqudgha welcomes you!
Unknown command.
Press < or > to pray at altars.
There is a staircase back to the Dungeon here.
You climb upwards.
Welcome back to the Dungeon!
There is a staircase to the Ecumenical Temple here.
You see here a +0 whip.
You now have 38 gold pieces (gained 10).
As you open the door, it creaks loudly!
You hear a shout!
A goblin comes into view.
It is wielding a +2 dagger of electrocution.
The goblin shouts!
There is an open door here.
Reach: a) +0 spear
Press: ? - help, Dir - move target, f - goblin
Aim: a goblin, wielding a +2 dagger of electrocution (about 44% to evade your +0 spear)
You reach to attack!
You hit the goblin.
The goblin is moderately wounded.
You closely miss the goblin.
The goblin is moderately wounded.
The goblin hits you with a +2 dagger of electrocution.
You are electrocuted!
Ouch! That really hurt!
You die...
Kikubaaqudgha rasps: "You have failed me!
Welcome... death!"

##### ....## .....#
#### .....# ##..# ....#
#########...##....##.
##...........#g.......
#.....###....#@.......
#.#.#.####...'........
#......###...##.......
##...#.#.......#
....##.
.....#.###.....########
.##.##...###..........+
#..#.)......#........#
...##..>..##..........#
.#........#..(.##....##


You could see a goblin.

Vanquished Creatures
  2 endoplasms (D:2)
  A kobold (D:3)
  2 ball pythons
  A rat (D:2)
6 creatures vanquished.

Notes
Turn   | Place    | Note
-------+----------+-------------------------------------------
     0 | D:1      | Spectrina the Merfolk Reaver began the quest for the Orb.
     0 | D:1      | Reached XP level 1. HP: 16/16 MP: 3/3
   192 | D:5      | Entered Level 5 of the Dungeon
   192 | D:5      | Noticed an orc wizard
   192 | D:5      | Noticed an orc wizard
   240 | D:4      | Found a staircase to the Ecumenical Temple.
   249 | Temple   | Entered the Ecumenical Temple
   296 | Temple   | Became a worshipper of Kikubaaqudgha
   329 | D:4      | Slain by a goblin

Illustrated notes

Levels and vault maps discovered:
D:1:      ebering_trefoil_twist, layout_basic
D:2:      layout_rooms
D:3:      layout_basic, nicolae_overflow_crystal_walls, gammafunk_ghost_grave,
          kennysheep_path_1, nrook_mini_vaults
D:4:      layout_gridville, minmay_temple_entry_slanted, uniq_natasha,
          uniq_crazy_yiuf_cottage
D:5:      layout_gridville, grunt_dithmenos_smoke_and_mirrors,
          nicolae_ru_path_of_blood, mainiacjoe_overflow_24_doors, uniq_grinder
Temple:   nicolae_temple_two_arcs

Action                     || total
---------------------------++-------
  Melee: Spear             ||    15
  Dodge: Dodged            ||     1

Table legend: (Time is in decaauts)
 A = Elapsed time spent in this place.
 B = Non-inter-level travel time spent in this place.
 C = Inter-level travel time spent in this place.
 D = Time resting spent in this place.
 E = Time spent auto-exploring this place.
 F = Levels seen in this place.
 G = Mean time per level.
                   A        B        C        D        E       F      G
               +--------+--------+--------+--------+--------+-----+--------+
         Total |    324 |    295 |     29 |      0 |      0 |   6 |   54.0 |
       Dungeon |    270 |    253 |     17 |      0 |      0 |   5 |   54.0 |
        Temple |     53 |     41 |     12 |      0 |      0 |   1 |   53.0 |
               +--------+--------+--------+--------+--------+-----+--------+

Top non-repeatable levels by time:
     D:3: 93 daAuts
     D:4: 86 daAuts
     D:2: 78 daAuts
  Temple: 53 daAuts
     D:1: 9 daAuts
     D:5: 1 daAuts
